 Dungeon Crawl Stone Soup version 0.25-a0-294-gea9b1ad (webtiles) character file.

Game seed: 14026329862147871730, levelgen mode: deterministic

60 15 the Gusty (level 4, 0/24 HPs)
             Began as a Tengu Air Elementalist on Dec 18, 2019.
             Slain by Terence
             ... wielding a +0 vampiric trident
              (13 damage)
             ... on level 2 of the Dungeon.
             The game lasted 00:06:39 (1142 turns).

15 the Gusty (Tengu Air Elementalist)               Turns: 1142, Time: 00:06:39

Health: 0/24       AC:  4    Str:  9    XL:     4   Next: 6%
Magic:  6/8        EV: 13    Int: 16    God:
Gold:   41         SH:  0    Dex: 14    Spells: 2/8 levels left

rFire    . . .     SeeInvis .   i - +1 flail
rCold    . . .     Gourm    .   (no shield)
rNeg     . . .     Faith    .   a - +0 robe
rPois    .         Spirit   .   (helmet restricted)
rElec    .         Reflect  .   d - +1 cloak
rCorr    .         Harm     .   (no gloves)
MR       .....                  (boots unavailable)
Stlth    ++........             (no amulet)
HPRegen  0.08/turn              (no ring)
MPRegen  0.11/turn              (no ring)

@: no status effects
A: beak, talons 3
a: no special abilities


You were on level 2 of the Dungeon.
You were not hungry.

You visited 1 branch of the dungeon, and saw 2 of its levels.

You collected 41 gold pieces.

Inventory:

Hand Weapons
 i - a +1 flail (weapon)
 m - a +0 whip of electrocution
Missiles
 l - 18 stones (quivered)
Armour
 a - a +0 robe (worn)
 d - a +1 cloak (worn)
Scrolls
 f - a scroll of enchant armour
 h - a scroll of enchant weapon
Potions
 g - a potion of degeneration {unknown}
 k - 2 potions of cancellation {unknown}
Comestibles
 b - 2 chunks of flesh
 c - 2 rations


   Skills:
 + Level 2.4 Dodging
 + Level 2.1 Stealth
 + Level 2.6 Spellcasting
 + Level 2.0 Conjurations
 + Level 5.3 Air Magic


You had 2 spell levels left.
You knew the following spells:

 Your Spells              Type           Power        Failure   Level  Hunger
a - Shock                 Conj/Air       ##..         4%          1    #......
b - Swiftness             Chrm/Air       ##......     10%         2    ##.....
c - Static Discharge      Conj/Air       ##......     13%         3    ###....

Your spell library contained the following spells:

 Spells                   Type           Power        Failure   Level  Hunger
 Magic Dart               Conj           #...         9%          1    #......
 Blink                    Tloc           N/A          30%         2    ##.....
 Call Imp                 Summ           #.......     30%         2    ##.....
 Slow                     Hex            #.......     30%         2    ##.....
 Mephitic Cloud           Conj/Pois/Air  #.......     22%         3    ###....
 Airstrike                Air            ###.......   22%         4    #####..
 Conjure Flame            Conj/Fire      #.......     36%         3    ###....
 Lightning Bolt           Conj/Air       ##........   77%         5    ######.


Dungeon Overview and Level Annotations

Branches:
Dungeon (2/15)

Altars:

Annotations:
D:2 Terence


Innate Abilities, Weirdness & Mutations

You have a beak for a mouth.
You have claws for feet.


Message History

Terence is lightly wounded.
The zap hits Terence.
Terence is lightly wounded.
Casting: Shock (safe; 4% risk of failure)
Confirm with . or Enter, or press ? or * to list all spells.
Aiming: Shock (safe; 4% risk of failure)
Press: ? - help, Shift-Dir - straight line The zap hits Terence.
Terence is lightly wounded.
The zap hits Terence but does no damage.
Terence is lightly wounded.
Terence hits you with a +0 vampiric trident.
You closely miss Terence. You peck Terence, but do no damage.
Terence is lightly wounded.
Terence hits you with a +0 vampiric trident!
Terence misses you.
It was a potion of curing.
You feel better.
Terence hits you with a +0 vampiric trident!
Ouch! That really hurt!
You die...

.#.####..#......#...#
.#.# #..##....##...#
.#.#* #...#....#..#.#
.#,.* #..........##.#
.#*.* #.###....####.#
.#*,* #.# #..#####..#
.#*,###.###........##
.##.#........###.###
###.#.#.####.#*#@#******
# #.#.#.# #.....@.....#
# #.#.#.# #####.#####.#
# #.#.#.# #.# *,*
###.#.#.# #.# *,***
....#.#.# #.# *,,,*
###...#.# #.# ***,*
###.....# #.# *,*
#.......# *,* *,*


You could see Terence.

Vanquished Creatures
  3 gnolls (D:2)
  A dart slug (D:2)
  A leopard gecko (D:2)
  6 bats
  A giant cockroach (D:2)
  A goblin (D:1)
  6 hobgoblins
  A quokka (D:2)
  A ball python (D:2)
  7 frilled lizards
  4 rats
32 creatures vanquished.

Notes
Turn   | Place    | Note
-------+----------+-------------------------------------------
     0 | D:1      | 15 the Tengu Air Elementalist began the quest for the Orb.
     0 | D:1      | Reached XP level 1. HP: 10/10 MP: 4/4
   142 | D:1      | Reached XP level 2. HP: 13/15 MP: 6/6
   573 | D:2      | Learned a level 2 spell: Swiftness
   595 | D:2      | Reached XP level 3. HP: 19/19 MP: 0/7
   648 | D:2      | Learned a level 3 spell: Static Discharge
   658 | D:2      | Reached skill level 5 in Air Magic
   856 | D:2      | Reached XP level 4. HP: 24/24 MP: 3/8
  1134 | D:2      | Noticed Terence
  1142 | D:2      | Slain by Terence

Levels and vault maps discovered:
D:1:      lightli_arrival_lavapool, layout_basic, palyth_stone_intersect
D:2:      layout_loops_ring, lemuel_coloured_pillars_altar,
          minmay_misc_feat_iff, minmay_lizard_king, uniq_terence

Skill      XL: |  1  2  3 |
---------------+----------+-----
Air Magic      | 5 |  5.3
Conjurations   | 2 |  2.0
Dodging        | |  2.4
Stealth        | |  2.1
Spellcasting   | |  2.6

Action                   |  1- 3 |  4- 6 || total
-------------------------+-------+-------++-------
Melee: Unarmed           |     9 |       ||     9
       Kick              |     4 |     2 ||     6
       Club              |     3 |       ||     3
       Flail             |    13 |     5 ||    18
       Whip              |     6 |       ||     6
       Peck              |     4 |     3 ||     7
 Cast: Shock             |    37 |     8 ||    45
  Use: Scroll            |       |     4 ||     4
       Potion            |       |     1 ||     1
 Stab: Sleeping          |     1 |       ||     1
  Eat: Chunk             |       |     1 ||     1
Armor: Robe              |     9 |       ||     9
Dodge: Dodged            |    31 |     3 ||    34

Table legend:
 A = Non-vault XP
 B = Vault XP
 C = Vault XP percentage of total XP
 D = Non-vault monster count
 E = Vault monster count
 F = Vault count percentage of total count
                 A         B        C        D         E       F
            +---------+---------+-------+---------+---------+-------
      Total |      78 |       9 |  10.3 |      25 |       7 |  21.9
            +---------+---------+-------+---------+---------+-------
        D:1 |      18 |       0 |   0.0 |      11 |       0 |   0.0
        D:2 |      60 |       9 |  13.0 |      14 |       7 |  33.3
            +---------+---------+-------+---------+---------+-------
